AoeStats
← Tavik

Fortress

510196704Analyzed
2v2 RM · 1d ago on Sep 29, 2026· 60m 8s· 4 players
Game mode
Random Map
Map size
Normal (6 player)
Population
200
Speed
Normal
Resources
Standard
Victory
Conquest
Starting age
Dark Age
Ending age
Imperial Age
RankedLock teamsTeams togetherTeam positionsShared explorationLock speedFull tech treeHidden civsTurbo modeCheats
Victory
Defeat
🇨🇦 Mapuche · Canada
1287
+17
🇧🇷 Turks · Brazil
1269
+18
🇨🇿 Lithuanians · Czechia
1326
-18
🇨🇿 Varangians · Czechia
1292
-17
Fusilier649
6:22 Feudal Age
11:17 Castle Age
9:11 Double-Bit Axe
9:46 Horse Collar
11:08 Town Watch
12:16 Bow Saw
15:29 Devotion
18:15 Forging
20:24 Heavy Plow
22:21 Wheelbarrow
21:34 Loom
26:38 Imperial Age
24:12 Gold Mining
24:55 Pikeman
25:36 Scale Mail Armor
26:26 Iron Casting
25:59 Fletching
26:23 Malon
27:08 Hand Cart
27:07 Bodkin Arrow
27:46 Butalmapu
28:04 Elite Bolas Rider
29:14 Padded Archer Armor
30:18 Conscription
30:28 Ballistics
29:46 Halberdier
32:05 Chemistry
32:09 Chain Mail Armor
32:15 Leather Archer Armor
33:43 Ring Archer Armor
33:56 Hoardings
34:14 Chain Mail Armor
34:16 Champi Runner
36:28 Plate Mail Armor
35:22 Elite Skirmisher
35:34 Elite Kona
36:53 Iron Casting
37:04 Masonry
39:24 Blast Furnace
41:52 Arson
42:36 Siege Engineers
44:20 Architecture
45:32 Sanctity
46:34 Capped Ram
46:36 Onager
49:40 Bombard Tower
49:03 Treadmill Crane
51:08 Caravan
51:25 Champi Warrior
57:39 Murder Holes
Marcelo
8:17 Feudal Age
12:05 Castle Age
10:04 Double-Bit Axe
10:21 Horse Collar
13:10 Bow Saw
14:49 Wheelbarrow
15:14 Scale Barding Armor
15:27 Bloodlines
15:20 Heavy Plow
19:39 Hand Cart
19:56 Gold Mining
26:21 Imperial Age
24:12 Stone Mining
24:33 Husbandry
24:56 Chain Barding Armor
24:50 Forging
24:41 Padded Archer Armor
31:05 Plate Barding Armor
31:06 Iron Casting
33:17 Loom
33:34 Town Watch
35:02 Blast Furnace
34:17 Leather Archer Armor
36:03 Conscription
35:45 Artillery
39:19 Two-Man Saw
38:56 Ring Archer Armor
39:43 Fletching
39:31 Heavy Camel Rider
41:19 Hoardings
49:27 Fortified Wall
49:15 Murder Holes
49:17 Bodkin Arrow
51:19 Caravan
Melioth
7:12 Feudal Age
11:01 Castle Age
11:00 Horse Collar
11:18 Double-Bit Axe
12:00 Fletching
12:10 Padded Archer Armor
12:29 Gold Mining
17:46 Bodkin Arrow
19:30 Ballistics
20:35 Bow Saw
21:58 Husbandry
24:14 Bloodlines
24:50 Heavy Plow
24:52 Loom
26:35 Leather Archer Armor
27:39 Wheelbarrow
31:20 Imperial Age
29:42 Hand Cart
30:20 Forging
30:16 Scale Barding Armor
31:09 Vendel Legacy
31:30 Cavalier
32:57 Iron Casting
33:32 Conscription
33:38 Chain Barding Armor
34:56 Blast Furnace
35:39 Plate Barding Armor
36:59 Plate Barding Armor
37:27 Light Cavalry
41:00 Chemistry
42:05 Two-Man Saw
41:39 Crop Rotation
45:13 Caravan
51:22 Scale Mail Armor
Tavik
6:57 Feudal Age
10:45 Castle Age
8:54 Horse Collar
9:03 Double-Bit Axe
18:29 Wheelbarrow
28:31 Imperial Age
25:47 Loom
25:48 Town Watch
26:22 Bloodlines
26:17 Husbandry
27:17 Scale Barding Armor
27:25 Forging
27:41 Hill Forts
29:19 Chain Barding Armor
29:37 Iron Casting
30:50 Heavy Plow
31:05 Bow Saw
30:52 Murder Holes
31:23 Ballistics
32:04 Chemistry
31:34 Tower Shields
31:55 Conscription
32:25 Plate Barding Armor
31:58 Elite Skirmisher
34:25 Thumb Ring
34:44 Elite Leitis
35:43 Fletching
35:53 Padded Archer Armor
37:03 Bodkin Arrow
37:23 Leather Archer Armor
40:23 Light Cavalry
41:15 Winged Hussar
41:59 Bracer
42:31 Ring Archer Armor
46:58 Caravan
47:42 Pikeman
48:23 Squires
55:04 Scale Mail Armor
56:08 Chain Mail Armor
Connection lost

Rejoining the realm…

Still unreachable

The connection could not be restored.

Session expired

The server has moved on; the page needs a fresh start.